 Dungeon Crawl Stone Soup version 0.29-a0-1-gf2d273c862 (webtiles) character file.

Game seed: 13013638441326650923

198394 Majang the Frost Mage (level 19, 0/145 HPs)
             Began as a Kobold Ice Elementalist on Jan 24, 2022.
             Was a High Priest of Vehumet.
             Slain by a four-headed hydra (21 damage)
             ... on level 2 of the Swamp on Jan 26, 2022.
             The game lasted 04:18:43 (46068 turns).

Majang the Frost Mage (Kobold Ice Elementalist)    Turns: 46068, Time: 04:18:44

Health: 0/145      AC: 30    Str:  7    XL:     19   Next: 14%
Magic:  13/37      EV: 20    Int: 31    God:    Vehumet [*****.]
Gold:   1357       SH:  0    Dex: 16    Spells: 3/46 levels left

rFire   . . .      SeeInvis .   J - +7 quarterstaff (speed)
rCold   . . .      Faith    .   (shield currently unavailable)
rNeg    + . .      Spirit   .   (armour currently unavailable)
rPois   ∞          Reflect  .   q - +2 helmet {Int+3}
rElec   +          Harm     .   P - scarf {+Inv}
rCorr   .          Rampage  .   (gloves currently unavailable)
Will    +....                   (boots currently unavailable)
Stlth   +++.......              (no amulet)
HPRegen 0.34/turn               K - +6 ring of intelligence
MPRegen 0.25/turn               W - ring of flight

@: about to teleport, statue-form, flying, very slow
A: slow and powerful, torment resistance 1, boosted hp, small, no large weapons,
nightstalker 3
}: 1/15 runes: gossamer
a: End Transformation, Renounce Religion, Evoke Invisibility


You were on level 2 of the Swamp.
You worshipped Vehumet.
Vehumet was extremely pleased with you.
You were a living statue of rough stone.
You visited 5 branches of the dungeon, and saw 27 of its levels.
You also visited: Gauntlet.

You collected 2093 gold pieces.
You spent 736 gold pieces at shops.

Inventory:

Hand Weapons
 J - a +7 quarterstaff of speed (weapon)
Armour
 q - a +2 helmet of intelligence (worn)
 B - a +2 helmet of see invisible
 L - a +0 pair of boots (melded)
 M - a +1 troll leather armour (melded)
 O - the +4 pair of gloves of Hopscotch (melded) {rElec}
   (You found it on level 6 of the Lair of Beasts)

   rElec:     It insulates you from electricity.
 P - a scarf of invisibility (worn)
 Q - a +1 cloak of preservation
Jewellery
 i - the ring of Reliuv {Ice Will+ Stlth+}
   (You found it on level 11 of the Dungeon)

   [ring of ice]

   It enhances your ice magic.
   rF:        It makes you vulnerable to fire.
   rC:        It protects you from cold.
   Will:      It increases your willpower.
   Stlth:     It makes you more stealthy.
 k - a ring of protection from cold
 H - a ring of fire
 K - a +6 ring of intelligence (left fist)
 U - a ring of protection from cold
 W - a ring of flight (right fist)
Wands
 o - a wand of charming (3)
 r - a wand of iceblast (2)
 s - a wand of polymorph (38)
 t - a wand of flame (61)
 E - a wand of mindburst (32)
 G - a wand of digging (22)
 N - a wand of acid (10)
 V - a wand of paralysis (5)
Scrolls
 a - a scroll of amnesia
 c - a scroll of blinking
 d - 3 scrolls of immolation
 j - 14 scrolls of teleportation
Potions
 b - 3 potions of might
 e - 2 potions of invisibility
 f - 5 potions of cancellation
 g - 3 potions of mutation
 h - 5 potions of flight
 l - 5 potions of ambrosia
 n - 4 potions of curing
 p - 7 potions of attraction
 v - 3 potions of brilliance
 z - 4 potions of haste
 A - a potion of resistance
 R - 8 potions of heal wounds
 T - 2 potions of berserk rage
Miscellaneous
 y - a lightning rod (4/4)
 C - a phantom mirror
 D - a box of beasts (inert)


   Skills:
 - Level 10.0 Fighting
 - Level 10.0 Staves
 - Level 6.0 Armour
 - Level 10.0 Dodging
 - Level 2.6 Stealth
 * Level 14.1 Spellcasting
 + Level 11.1 Conjurations
 + Level 2.2 Transmutations
 + Level 14.9 Ice Magic
 * Level 13.4 Earth Magic
 - Level 10.0 Evocations


You had 3 spell levels left.
You knew the following spells:

 Your Spells              Type           Power      Damage    Failure   Level
a - Ozocubu's Armour      Ice            86%        N/A       0%          3
b - Iskenderun's Mystic   Conj/Tloc      54%        2d12      1%          4
c - Iskenderun's Battles  Conj           74%        2d12      1%          5
f - Statue Form           Tmut/Erth      42%        N/A       13%         6
h - Hailstorm             Conj/Ice       80%        3d16      1%          4
i - Iron Shot             Conj/Erth      39%        9d8       1%          6
l - Lee's Rapid Deconstr  Erth           40%        3d21*     1%          5
o - Ozocubu's Refrigerat  Ice            43%        4d13      1%          7
r - Frozen Ramparts       Ice            100%       1d12      0%          3

Your spell library contained the following spells:

 Spells                   Type           Power      Damage    Failure   Level
 Conjure Ball Lightning   Conj/Air       27%        3x3d8     9%          6
 Freeze                   Ice            100%       1d11      0%          1
 Magic Dart               Conj           100%       1d8       0%          1
 Sting                    Tmut/Pois      100%       1d8       1%          1
 Poisonous Vapours        Pois/Air       42%        N/A       1%          2
 Scorch                   Fire           42%        2d7       1%          2
 Searing Ray              Conj           100%       2d8       1%          2
 Static Discharge         Conj/Air       54%        N/A       1%          2
 Animate Skeleton         Necr           42%        N/A       2%          1
 Pain                     Necr           84%        1d8       2%          1
 Blink                    Tloc           42%        N/A       3%          2
 Gell's Gravitas          Tloc           21%        N/A       6%          3
 Lesser Beckoning         Tloc           21%        N/A       6%          3
 Teleport Other           Tloc           21%        N/A       6%          3
 Vampiric Draining        Necr           21%        2d7       6%          3
 Flame Wave               Conj/Fire      54%        2d11      1%          4
 Fulminant Prism          Conj/Hex       27%        3d14      1%          4
 Ice Form                 Ice/Tmut       66%        N/A       1%          4
 Leda's Liquefaction      Hex/Erth       29%        N/A       1%          4
 Sticky Flame             Conj/Fire      54%        2d7       1%          4
 Summon Ice Beast         Ice/Summ       62%        N/A       1%          4
 Fireball                 Conj/Fire      27%        3d12      1%          5
 Freezing Cloud           Conj/Ice/Air   33%        6-21      1%          5
 Irradiate                Conj/Tmut      29%        3d23      1%          5
 Lightning Bolt           Conj/Air       27%        1d43      1%          5
 Borgnjor's Vile Clutch   Necr/Erth      29%        N/A       3%          5
 Orb of Destruction       Conj           37%        9d11      5%          7
 Airstrike                Air            10%        N/A       6%          4
 Olgreb's Toxic Radiance  Pois           21%        N/A       6%          4
 Starburst                Conj/Fire      27%        6d9       9%          6
 Simulacrum               Ice/Necr       31%        N/A       16%         6
 Anguish                  Hex/Necr       10%        N/A       22%         4
 Animate Dead             Necr           10%        N/A       22%         4
 Dispel Undead            Necr           21%        3d11      22%         4
 Passage of Golubria      Tloc           21%        N/A       22%         4
 Summon Lightning Spire   Summ/Air       21%        N/A       22%         4
 Blade Hands              Tmut           18%        N/A       22%         5
 Lehudib's Crystal Spear  Conj/Erth      39%        10d10     24%         8
 Spellforged Servitor     Conj/Summ      27%        N/A       41%         7
 Agony                    Necr           21%        N/A       52%         5
 Manifold Assault         Tloc           21%        N/A       52%         5
 Silence                  Hex/Air        10%        N/A       52%         5
 Summon Forest            Summ/Tloc      10%        N/A       52%         5
 Summon Mana Viper        Hex/Summ       21%        N/A       52%         5
 Polar Vortex             Ice            43%        N/A       71%         9
 Death Channel            Necr           10%        N/A       97%         6
 Dispersal                Tloc           10%        N/A       97%         6
 Summon Cactus Giant      Summ           10%        N/A       97%         6
 Dragon Form              Tmut           18%        N/A       100%        7
 Ignition                 Fire           10%        3d5       100%        8
 Maxwell's Capacitive Co  Air            10%        ∞         100%        8


Dungeon Overview and Level Annotations

Branches:
Dungeon (13/15)            Temple (1/1) D:4            Lair (6/6) D:8
  Swamp (3/4) Lair:4       Spider (4/4) Lair:4        Slime (0/5) Lair:5
    Orc (0/2) D:12         Vaults (0/5) D:13        Gauntlet (visited)

Altars:
Ashenzari
Cheibriados
Dithmenos
Elyvilon
Fedhas
Gozag
Hepliaklqana
Kikubaaqudgha
Makhleb
Nemelex Xobeh
Okawaru
Qazlal
Ru
Sif Muna
Trog
Uskayaw
Vehumet
Wu Jian
Xom
Yredelemnul
Zin
The Shining One
Lugonu

Shops:
D:2 *(?[   D:5 *   D:10 [:(:   D:11 [

Portals:
Abyss: Lair:6

Annotations:
D:10 exclusion: death knight
Lair:5 Urug


Innate Abilities, Weirdness & Mutations

You are a living statue of rough stone.
Your actions are slow, but your melee attacks are powerful.
You are resistant to unholy torment.
Your maximum health is greatly increased.
You are immune to poison.
Your equipment is partially melded.
You are small and have problems with some larger weapons.
You are completely attuned to the shadows.


Message History

Aiming: Iron Shot (mildly dangerous; 1% risk of failure)
Press: ? - help, Shift-Dir - straight line, f - four-headed hydra
Aim: a four-headed hydra (strong, 92% to hit)
The iron shot misses the four-headed hydra.
The alligator misses you. The alligator barely misses you.
The four-headed hydra bites you but does no damage.
The four-headed hydra bites you! The four-headed hydra misses you.
The four-headed hydra bites you but does no damage.
The alligator bites you but does no damage.
The alligator completely misses you.
The four-headed hydra barely misses you.
The four-headed hydra bites you but does no damage.
The four-headed hydra barely misses you.
The four-headed hydra bites you but does no damage.
Unknown command.
Casting: Iron Shot (mildly dangerous; 1% risk of failure)
Confirm with . or Enter, or press ? or * to list all spells.
Aiming: Iron Shot (mildly dangerous; 1% risk of failure)
Press: ? - help, Shift-Dir - straight line, f/p - four-headed hydra
Aim: a four-headed hydra (strong, 92% to hit)
The iron shot hits the four-headed hydra!!!
The four-headed hydra is heavily wounded.
The alligator bites you!!
* * * LOW HITPOINT WARNING * * *
The alligator tail-slaps you but does no damage.
The four-headed hydra bites you but does no damage. x3
The four-headed hydra closely misses you.
The alligator misses you. x2
What are your orders? t - Shout!
Orders for allies: a - Attack new target. p - Attack previous target. r - Retreat! s - Stop attacking. g - Guard the area. f - Follow me.
Anything else - Cancel.
Okay, then.
As you read the scroll of teleportation, it crumbles to dust.
You feel strangely unstable. The alligator bites you!!
* * * LOW HITPOINT WARNING * * *
The alligator closely misses you. The four-headed hydra bites you!!
You die...

♣ ♣♣♣♣♣♣ ##≈♣≈♣♣♣♣♣
..≈§..♣♣.♣♣ .....≈≈≈.≈♣ ♣♣♣♣♣♣
.....≈≈≈.♣♣♣ ♣♣D.≈≈♣♣♣
.≈...♣....≈♣♣ ♣8♣≈≈≈≈.♣♣♣
.....♣♣♣..≈≈♣♣♣♣t♣.≈≈§..≈♣♣
.....#.<≈.≈..≈♣.♣♣♣≈.♣.≈..♣♣
.......≈≈....§..♣♣.≈...≈≈≈.♣♣
####...♣♣♣♣♣....♣♣♣.≈♣§...≈.♣♣
.......♣≈♣♣♣♣.≈≈♣
♣♣≈..>♣.≈≈)♣♣♣ ♣......≈≈.♣
♣♣..♣ ♣♣≈≈.≈≈≈♣..≈♣♣
.....≈....♣♣♣.≈≈♣
♣......≈≈≈≈..
....≈..≈...♣♣♣..♣
♣≈≈♣≈≈♣♣...≈§


You could see an alligator (strong, swift) and a four-headed hydra (strong).

Vanquished Creatures
  Nikola (Spider:4)
  A thorn hunter (Swamp:2)
  Aizul (Swamp:2)
  8 emperor scorpions
  A ghost moth (Spider:4)
  6 broodmothers
  A minotaur (Gauntlet)
  An eleionoma (Swamp:1)
  The ghost of UristMcRaven the Eclecticist, a journeyman DEEE of Ru (D:13)
  5 entropy weavers
  A spark wasp (Spider:4)
  A fire dragon (Lair:2)
  5 boulder beetles
  3 ogre magi
  Harold (D:8)
  2 catoblepae
  5 vault guards (D:13)
  3 jorogumos
  A ghost crab (Swamp:1)
  A radroach (Spider:3)
  Erolcha (D:11)
  3 centaur warriors
  14 hydras
  2 tengu warriors (D:11)
  An alligator (Swamp:2)
  2 two-headed ogres (D:11)
  3 thrashing horrors (Lair:6)
  2 goliath frogs
  5 pharaoh ants
  A sun moth (Spider:3)
  12 steelbarb worms
  2 spriggan druids (Swamp:1)
  8 orb spiders
  5 bog bodies
  2 glowing orange brains (Gauntlet)
  A deep elf archer (D:13)
  Pikel (D:8)
  23 wolf spiders
  4 cyclopes
  4 will-o-the-wisps
  4 moths of wrath
  8 elephants
  2 ugly things
  5 manticores
  Maurice (D:11)
  14 cane toads
  3 torpor snails
  Joseph (D:9)
  4 molten gargoyles (D:13)
  4 black mambas
  3 large abominations (Lair:6)
  A gargoyle (D:10)
  4 rime drakes
  A freezing wraith (D:11)
  6 kobold demonologists
  2 minotaur zombies (Gauntlet)
  2 unseen horrors (D:11)
  A yaktaur (D:13)
  13 demonic crawlers
  An efreet (D:13)
  8 komodo dragons
  An ancient zyme (Lair:6)
  A tengu conjurer (D:11)
  7 trolls
  A meliai (shapeshifter) (D:11)
  3 hydra zombies (Swamp:2)
  A meliai (Spider:3)
  24 tarantellas
  5 tyrant leeches
  Grinder (D:3)
  27 blink frogs
  A slime creature (Lair:5)
  7 hornets
  A polar bear (Lair:3)
  Prince Ribbit (D:7)
  15 culicivoras
  5 dream sheep (Lair:6)
  2 shadows
  50 yaks
  26 jumping spiders
  7 wyverns
  2 ynoxinuls (Lair:6)
  8 spriggans
  5 wraiths
  8 basilisks
  Sigmund (D:4)
  Grum (D:8)
  5 vampire mosquitoes (Swamp:1)
  4 chaos spawn (Lair:6)
  A steam dragon (D:7)
  48 redbacks
  8 water moccasins
  An acid dragon (D:11)
  13 swamp worms
  7 small abominations (Lair:6)
  Duvessa (D:6)
  3 swamp drakes (Swamp:2)
  5 orc warriors
  A sky beast (D:8)
  A necrophage (D:5)
  2 black bears
  56 wolves
  11 centaurs
  3 kobold brigands
  10 bullfrogs
  A gnoll sergeant (D:6)
  A wyvern zombie (D:4)
  2 scorpions
  Dowan (D:6)
  4 killer bees (D:10)
  3 wights (D:9)
  7 electric eels
  3 howler monkeys
  A lava snake (D:13)
  3 centaur zombies
  2 hounds
  7 jellies
  2 centaur skeletons (D:4)
  10 orc priests
  A gnoll shaman (D:10)
  Terence (D:2)
  A bullfrog skeleton (D:7)
  5 iguanas
  Natasha (thrice) (D:3)
  13 orc wizards
  A killer bee zombie (D:8)
  A howler monkey zombie (D:11)
  Robin (D:2)
  8 gnolls
  6 adders
  An ufetubus (D:4)
  A worm (D:4)
  2 dart slugs
  61 orcs
  8 endoplasms
  7 giant cockroaches
  16 goblins
  7 hobgoblins
  3 jackals (D:2)
  17 kobolds
  A quokka (D:2)
  7 ball pythons
  3 bats (D:1)
  2 frilled lizards (D:1)
  4 rats
852 creatures vanquished.

Vanquished Creatures (collateral kills)
  A bunyip (Swamp:3)
  A steelbarb worm (Spider:4)
  A spriggan druid (Swamp:3)
3 creatures vanquished.

Vanquished Creatures (others)
  Asterion (Spider:4)
  4 bushes (D:8)
  9 foxfires
  44 fungi
  62 plants
120 creatures vanquished.

Grand Total: 975 creatures vanquished

Notes
Turn   | Place    | Note
-------+----------+-------------------------------------------
     0 | D:1      | Majang the Kobold Ice Elementalist began the quest for the
                  | Orb.
     0 | D:1      | Reached XP level 1. HP: 10/10 MP: 3/3
   381 | D:1      | Reached XP level 2. HP: 15/15 MP: 5/5
   712 | D:1      | Found a faded altar of an unknown god.
   794 | D:1      | Reached XP level 3. HP: 19/19 MP: 4/6
   798 | D:1      | Learned a level 3 spell: Frozen Ramparts
  1564 | D:2      | Found Icueho Zewa's Armour Shop.
  1681 | D:2      | You fall into a shaft and drop 2 floors!
  1705 | D:4      | Reached XP level 4. HP: 16/24 MP: 3/8
  1709 | D:4      | Learned a level 3 spell: Ozocubu's Armour
  1723 | D:4      | Reached skill level 5 in Ice Magic
  2154 | D:3      | Reached XP level 5. HP: 21/28 MP: 2/10
  2400 | D:3      | Noticed Natasha
  2404 | D:3      | Killed Natasha
  2467 | D:2      | Noticed Terence
  2475 | D:2      | Killed Terence
  2476 | D:2      | Reached XP level 6. HP: 33/33 MP: 4/11
  2541 | D:2      | Noticed Robin
  2547 | D:2      | Killed Robin
  2551 | D:2      | Reached skill level 1 in Fighting
  2557 | D:2      | Learned a level 4 spell: Hailstorm
  2635 | D:2      | Found Zedis's Magic Scroll Shop.
  2926 | D:2      | Found Qoinaow's General Store.
  2997 | D:2      | Found Repnuol's Antique Weapon Emporium.
  3153 | D:2      | Bought a +0 helmet of intelligence for 161 gold pieces
  3229 | D:3      | Noticed Natasha
  3250 | D:3      | Killed Natasha
  3251 | D:3      | Reached skill level 1 in Staves
  3307 | D:3      | Noticed Grinder
  3324 | D:3      | Paralysed by Grinder for 4 turns
  3331 | D:3      | Paralysed by Grinder for 4 turns
  3338 | D:3      | Killed Grinder
  3339 | D:3      | Reached XP level 7. HP: 38/40 MP: 1/13
  3615 | D:3      | Noticed Natasha
  3619 | D:3      | Killed Natasha
  4588 | D:4      | Found a staircase to the Ecumenical Temple.
  4595 | Temple   | Entered the Ecumenical Temple
  5099 | Temple   | Became a worshipper of Vehumet
  5275 | D:4      | Reached skill level 1 in Evocations
  5330 | D:4      | Noticed Sigmund
  5338 | D:4      | Killed Sigmund
  5339 | D:4      | Reached skill level 1 in Conjurations
  5339 | D:4      | Reached XP level 8. HP: 36/45 MP: 4/14
  6106 | D:5      | Entered Level 5 of the Dungeon
  6614 | D:5      | Found Zumeit's General Store.
  6619 | D:5      | Reached * piety under Vehumet
  6619 | D:5      | Offered knowledge of Foxfire by Vehumet.
  7228 | D:5      | Reached XP level 9. HP: 51/51 MP: 12/16
  7328 | D:6      | Noticed Duvessa
  7331 | D:6      | Noticed Dowan
  7340 | D:6      | Killed Dowan
  7341 | D:6      | Killed Duvessa
  7342 | D:6      | Reached skill level 5 in Spellcasting
  7405 | D:6      | Found an opulent altar of Gozag.
  7712 | D:6      | Reached skill level 5 in Dodging
  8722 | D:7      | Offered knowledge of Magic Dart by Vehumet.
  9389 | D:7      | Reached ** piety under Vehumet
  9451 | D:8      | Noticed Prince Ribbit
  9462 | D:7      | Killed Prince Ribbit
  9463 | D:7      | Reached XP level 10. HP: 33/58 MP: 2/18
  9894 | D:8      | Found a transporter.
  9904 | D:8      | Found a transporter.
  9922 | D:8      | Noticed Pikel
  9928 | D:8      | Killed Pikel
  9929 | D:8      | Reached skill level 5 in Fighting
 10109 | D:8      | Reached skill level 5 in Evocations
 10128 | D:8      | Noticed a cyclops
 10260 | D:8      | Noticed Grum
 10268 | D:8      | Killed Grum
 10972 | D:8      | Killed a cyclops
 10975 | D:8      | Noticed Harold
 11104 | D:8      | Reached XP level 11. HP: 64/64 MP: 14/20
 11579 | D:8      | Found a staircase to the Lair.
 11615 | D:8      | Killed Harold
 12054 | D:8      | Reached skill level 5 in Conjurations
 12054 | D:8      | Reached skill level 10 in Ice Magic
 12251 | D:9      | Reached skill level 5 in Staves
 12393 | D:9      | Offered knowledge of Static Discharge by Vehumet.
 12915 | D:9      | Reached *** piety under Vehumet
 12961 | D:9      | Noticed Joseph
 12968 | D:9      | Killed Joseph
 13857 | D:10     | Entered Level 10 of the Dungeon
 13857 | D:10     | Found Dues's Book Emporium.
 14042 | D:10     | Offered knowledge of Sticky Flame by Vehumet.
 14401 | D:10     | Found Juazaog's Weapon Emporium.
 14487 | D:10     | Found Hienlisy's Book Boutique.
 14585 | D:10     | Noticed a death knight
 14824 | D:10     | Found Ywoem's Antique Armour Shoppe.
 15007 | D:10     | Found a burning altar of Makhleb.
 15009 | D:10     | Noticed an Executioner
 15175 | D:11     | Noticed Maurice
 15181 | D:11     | Killed Maurice
 15381 | D:11     | Noticed a manticore
 15381 | D:11     | Noticed Erolcha
 15388 | D:11     | Killed Erolcha
 15389 | D:11     | Reached skill level 1 in Armour
 15389 | D:11     | Reached XP level 12. HP: 71/71 MP: 12/23
 15389 | D:11     | Noticed an eight-headed hydra
 15392 | D:11     | Killed an eight-headed hydra
 15496 | D:11     | Found Tocir's Antique Armour Shop.
 15624 | D:11     | Noticed a two-headed ogre
 15633 | D:11     | Killed a two-headed ogre
 15717 | D:11     | Noticed a four-headed hydra
 15719 | D:11     | Noticed a two-headed ogre
 15721 | D:11     | Killed a four-headed hydra
 15723 | D:11     | Killed a two-headed ogre
 15909 | D:11     | Identified the ring of Reliuv {Ice Will+ Stlth+}
 16038 | D:11     | Noticed a tengu warrior
 16051 | D:11     | Killed a tengu warrior
 16087 | D:10     | Bought a book of Blasting for 512 gold pieces
 16093 | D:10     | Learned a level 5 spell: Lee's Rapid Deconstruction
 16098 | D:10     | Learned a level 4 spell: Iskenderun's Mystic Blast
 16174 | D:11     | Reached **** piety under Vehumet
 16272 | D:11     | Noticed an ogre mage
 16280 | D:11     | Killed an ogre mage
 16380 | D:11     | Offered knowledge of Yara's Violent Unravelling by Vehumet.
 16466 | D:11     | Noticed a five-headed hydra
 16468 | D:11     | Reached skill level 1 in Earth Magic
 16468 | D:11     | Reached XP level 13. HP: 29/76 MP: 19/25
 16469 | D:11     | Noticed a centaur warrior
 16471 | D:11     | Killed a five-headed hydra
 16472 | D:11     | Killed a centaur warrior
 17125 | Lair:1   | Entered Level 1 of the Lair of Beasts
 17559 | Lair:1   | You fall into a shaft and drop 1 floor!
 17645 | Lair:2   | Noticed a four-headed hydra
 17649 | Lair:2   | Killed a four-headed hydra
 17839 | Lair:2   | Noticed a four-headed hydra
 17850 | Lair:2   | Killed a four-headed hydra
 17909 | Lair:1   | Noticed a four-headed hydra
 17919 | Lair:1   | Killed a four-headed hydra
 18869 | Lair:2   | Noticed a four-headed hydra
 18877 | Lair:2   | Killed a four-headed hydra
 18877 | Lair:2   | Reached ***** piety under Vehumet
 19022 | Lair:2   | Offered knowledge of Eringya's Noxious Bog by Vehumet.
 19472 | Lair:2   | Reached XP level 14. HP: 84/84 MP: 12/26
 20508 | D:2      | Bought a +0 pair of gloves for 63 gold pieces
 20636 | Lair:2   | Upgraded the game from 0.28-a0-1629-gf728b707aa to
                  | 0.28-a0-1632-g283549b12f
 21591 | Lair:4   | Reached skill level 10 in Dodging
 22100 | Lair:4   | Found a staircase to the Swamp.
 22298 | Lair:4   | Found a hole to the Spider Nest.
 22429 | Lair:5   | Noticed Urug
 23263 | Lair:5   | Offered knowledge of Orb of Destruction by Vehumet.
 23272 | Lair:5   | Learned a level 7 spell: Orb of Destruction
 23297 | Lair:5   | Found a staircase to the Slime Pits.
 23877 | Lair:5   | Reached skill level 5 in Earth Magic
 24748 | Lair:5   | Reached XP level 15. HP: 90/90 MP: 20/28
 24843 | Lair:6   | Entered Level 6 of the Lair of Beasts
 25621 | Lair:6   | Reached XP level 16. HP: 96/96 MP: 29/29
 26082 | Lair:6   | Reached skill level 5 in Armour
 26082 | Lair:6   | Reached skill level 10 in Spellcasting
 26200 | Lair:6   | Reached skill level 10 in Evocations
 26242 | Lair:6   | Found a corrupted altar of Lugonu.
 26244 | Lair:6   | Found a one-way gate to the infinite horrors of the Abyss.
 26247 | Lair:6   | Identified the +6 flail of Seday {vorpal, Fragile rF+ Str+2
                  | SInv}
 26735 | Lair:6   | Offered knowledge of Spellforged Servitor by Vehumet.
 26745 | Lair:6   | Identified the +4 pair of gloves of Hopscotch {rElec}
 27772 | D:12     | Found a hide-covered altar of Uskayaw.
 28108 | D:12     | Found a staircase to the Orcish Mines.
 28589 | D:13     | Found a gate leading to a gauntlet.
 28595 | Gauntlet | Entered a Gauntlet
 28595 | Gauntlet | Found a transporter.
 28610 | Gauntlet | Found a transporter.
 28617 | Gauntlet | Found a runed translucent door.
 28618 | Gauntlet | Found a runed translucent door.
 28625 | Gauntlet | Found a transporter.
 28647 | Gauntlet | Found a transporter.
 28651 | Gauntlet | Found a runed translucent door.
 28660 | Gauntlet | Found a transporter.
 28669 | Gauntlet | Found a transporter.
 28677 | Gauntlet | Found a runed translucent gate.
 28686 | Gauntlet | Found a transporter.
 28695 | Gauntlet | Found a transporter.
 28708 | Gauntlet | Found a transporter.
 28725 | Gauntlet | Found a transporter.
 28725 | Gauntlet | Found a runed translucent gate.
 28726 | Gauntlet | Found a runed translucent gate.
 28741 | Gauntlet | Found a transporter.
 28749 | Gauntlet | Found a transporter.
 28767 | Gauntlet | Found a transporter.
 28778 | Gauntlet | Found a transporter.
 29203 | Gauntlet | Identified the +2 helmet of Payckis {Dex+2}
 29798 | D:13     | Found a runed translucent gate.
 29798 | D:13     | Found a runed translucent gate.
 29798 | D:13     | Found a runed translucent gate.
 30066 | D:13     | Offered knowledge of Ozocubu's Refrigeration by Vehumet.
 30174 | D:13     | Learned a level 7 spell: Ozocubu's Refrigeration
 30558 | D:13     | Reached skill level 10 in Fighting
 31011 | D:13     | Found a gate to the Vaults.
 31095 | D:13     | Noticed UristMcRaven's ghost (journeyman DEEE)
 31096 | D:13     | Identified the ring "Hisomu" {*Corrode +Blink AC+4 Int+5
                  | Stlth+}
 31117 | D:13     | Killed UristMcRaven's ghost
 31387 | Swamp:1  | Entered Level 1 of the Swamp
 31390 | Swamp:1  | Reached skill level 10 in Earth Magic
 31680 | Swamp:1  | Reached XP level 17. HP: 102/102 MP: 17/32
 32147 | Swamp:1  | Identified the +3 scale mail "Rasab" {Dex+3}
 32765 | Swamp:2  | Noticed Aizul
 32789 | Swamp:2  | Killed Aizul
 33476 | Swamp:2  | Got the Handbook of Reanimation Made Easy
 34142 | Swamp:2  | Noticed a thorn hunter
 34147 | Swamp:2  | Killed a thorn hunter
 34626 | Spider:1 | Entered Level 1 of the Spider Nest
 35777 | Spider:1 | Offered knowledge of Iskenderun's Battlesphere by Vehumet.
 35821 | Spider:1 | Learned a level 5 spell: Iskenderun's Battlesphere
 36718 | Spider:2 | Upgraded the game from 0.28-a0-1632-g283549b12f to
                  | 0.29-a0-1-gf2d273c862
 37555 | Spider:2 | Reached skill level 10 in Conjurations
 37946 | Spider:2 | Reached XP level 18. HP: 85/107 MP: 4/34
 41803 | Spider:3 | Identified the +1 leather armour of Hedging {Int-4 Dex+8}
 42316 | Spider:4 | Entered Level 4 of the Spider Nest
 43215 | Spider:4 | Learned a level 6 spell: Iron Shot
 43232 | Spider:3 | Learned a level 6 spell: Statue Form
 43306 | Spider:4 | Noticed Asterion
 43574 | Spider:4 | Killed Asterion
 43693 | Spider:4 | Reached skill level 10 in Staves
 44221 | Spider:4 | Reached skill level 1 in Transmutations
 44589 | Spider:4 | Noticed Nikola
 44599 | Spider:4 | Killed Nikola
 44911 | Spider:4 | Offered knowledge of Conjure Ball Lightning by Vehumet.
 45471 | Spider:4 | Reached XP level 19. HP: 86/112 MP: 10/37
 45597 | Spider:4 | Got a gossamer rune of Zot
 45610 | Spider:4 | Identified the +0 hat of a Billion Deaths {Will+}
 46068 | Swamp:2  | Slain by a four-headed hydra

Illustrated notes

Levels and vault maps discovered:
D:1:      erik_arrival_cave_to_civilisation [erik_arrival_cave_to_hall],
          layout_basic, hellmonk_ecumenical_altar_prayer_group
D:2:      layout_basic, serial_shops, shop,
          nicolae_shop_temple_entry_statues_fountains, nicolae_shop_stone, shop,
          uniq_robin, uniq_terence
D:3:      layout_loops_ring, uniq_grinder, uniq_natasha
D:4:      layout_loops_ring, temple_fountains, uniq_sigmund
D:5:      layout_loops_ring, serial_shops, nicolae_shop_hallway_plus,
          sigmund_army
D:6:      layout_cave_pools, grunt_gozag_statues, minmay_liquid_box,
          uniq_duvessa
D:7:      layout_rooms, moated_statue, minmay_misc_feat_columns
D:8:      gammafunk_steamed_eel, layout_loops_cross, minmay_lair_entry_grove,
          uniq_harold, uniq_prince_ribbit1, uniq_pikel, uniq_grum
D:9:      layout_irregular_city, uniq_joseph
D:10:     layout_basic, makhleb_altar_promises_db, serial_shops,
          nicolae_stop_n_shop_2, shop_statue, shop, shop
D:11:     hangedman_cross_veins, layout_basic, kennysheep_windowed_goal,
          uniq_erolcha, uniq_maurice
D:12:     layout_basic, hiddenorc1_lemuel, nicolae_uskayaw_dance_hall
D:13:     layout_loops_ring, grunt_vaults_entry_fortified,
          gauntlet_entry_generic, ebering_ghost_rock_garden,
          kennysheep_big_empty_room, serial_park_tiny_1, minivault_8
Temple:   mainiacjoe_temple_big_plus
Lair:1:   layout_concentric_octagons, st_stairs_12
Lair:2:   dragon1_lemuel, layout_cave_pods, serial_bayou_shore_b
Lair:3:   layout_gridlike, small_statue_intersection
Lair:4:   layout_long_grid, skrybe_swamp_entry_bodies,
          nicolae_spider_entry_orb_guardian, minivault_27,
          small_statue_intersection, kennysheep_catoblepas_arena
Lair:5:   layout_long_grid, minmay_slime_entry_pillars,
          grunt_forest_large_clearings, uniq_urug
Lair:6:   hellmonk_lair_end_abyssal_woods, layout_regular_city
Swamp:1:  layout_falls_marsh, nicolae_swamp_trees_clearing
Swamp:2:  layout_falls_marsh, serial_swamp_ruin, evilmike_swamp_ruin_rubble_2,
          evilmike_swamp_ruin_house_2, swamp_pool5,
          nicolae_swamp_necromancy_gone_wrong, infiniplex_staircase_pool,
          uniq_aizul
Swamp:3:  layout_basic_swamp, nicolae_swamp_tree_isthmus, uniq_kirke
Spider:1: layout_spider_delve
Spider:2: nicolae_spider_mines_1, nicolae_spider_webs_and_nodes, drop_trap
Spider:3: nicolae_spider_hilbert_zone_7 [nicolae_spider_hilbert_4_sides_1_open,
          nicolae_spider_hilbert_4_sides_1_open,
          nicolae_spider_hilbert_4_sides_1_open,
          nicolae_spider_hilbert_4_sides_1_open,
          nicolae_spider_hilbert_3_sides_1_open,
          nicolae_spider_hilbert_3_sides_1_open,
          nicolae_spider_hilbert_3_sides_1_open,
          nicolae_spider_hilbert_3_sides_1_open,
          nicolae_spider_hilbert_4_sides_1_open,
          nicolae_spider_hilbert_4_sides_1_open,
          nicolae_spider_hilbert_4_sides_1_open,
          nicolae_spider_hilbert_2_sides_1_open,
          nicolae_spider_hilbert_2_sides_1_open,
          nicolae_spider_hilbert_2_sides_1_open,
          nicolae_spider_hilbert_2_sides_1_open,
          nicolae_spider_hilbert_2_sides_1_open,
          nicolae_spider_hilbert_2_sides_1_open]
Spider:4: grunt_spider_rune_circles, portal_ice_cave_entry_pillars_1, drop_trap,
          nicolae_spider_twisty_arc_passages, uniq_asterion, uniq_nikola

Skill      XL: |  1  2  3  4  5  6  7  8  9 10 11 12 13 14 15 16 17 18 19 |
---------------+----------------------------------------------------------+-----
Spellcasting   | 3 4 5 6 7 8 9 11 12 14 | 14.1
Ice Magic      | 5 6 7 8 9 10 11 12 13 14 | 14.9
Fighting       | 2 3 4 5 6 7 8 9 10 | 10.0
Staves         | 1 2 3 4 5 6 7 8 9 10 | 10.0
Dodging        | 3 4 5 6 7 8 9 10 | 10.0
Evocations     | 1 2 4 5 6 7 8 9 10 | 10.0
Conjurations   | 1 2 3 4 5 6 7 8 9 10 11 | 11.1
Armour         | 1 2 3 4 5 6 |  6.0
Earth Magic    | 1 3 5 8 10 11 13 | 13.4
Transmutations | 2 |  2.2
Stealth        | |  2.6

Action                   |  1- 3 |  4- 6 |  7- 9 | 10-12 | 13-15 | 16-18 | 19-21 || total
-------------------------+-------+-------+-------+-------+-------+-------+-------++-------
Melee: Unarmed           |     3 |     3 |       |       |       |       |       ||     6
       Dagger            |    11 |       |       |       |       |       |       ||    11
       Whip              |    21 |    47 |   122 |    92 |       |       |       ||   282
       Punch             |       |       |       |     2 |       |       |       ||     2
       Quarterstaff      |       |       |       |   117 |   347 |   611 |     7 ||  1082
 Cast: Freeze            |    20 |       |    13 |       |       |       |       ||    33
       Frozen Ramparts   |     6 |    22 |    53 |    51 |    78 |   121 |     1 ||   332
       Ozocubu's Armour  |       |     4 |    21 |    42 |    57 |    71 |       ||   195
       Hailstorm         |       |       |    18 |    63 |   115 |   306 |    10 ||   512
       Iskenderun's Myst |       |       |       |       |     5 |    98 |     5 ||   108
       Lee's Rapid Decon |       |       |       |       |     2 |    97 |       ||    99
       Ozocubu's Refrige |       |       |       |       |       |    16 |       ||    16
       Iskenderun's Batt |       |       |       |       |       |    38 |       ||    38
       Orb of Destructio |       |       |       |       |       |     2 |       ||     2
       Iron Shot         |       |       |       |       |       |    19 |     4 ||    23
       Statue Form       |       |       |       |       |       |    11 |     2 ||    13
Evoke: Wand              |       |       |     5 |    17 |    11 |    18 |     1 ||    52
       Lightning rod     |       |       |       |       |       |     5 |       ||     5
       Box of beasts     |       |       |       |       |       |     2 |       ||     2
  Use: Scroll            |       |       |     7 |    16 |    14 |    12 |     2 ||    51
       Potion            |       |       |       |     5 |     1 |     5 |       ||    11
 Stab: Sleeping          |    11 |       |     3 |       |       |     1 |       ||    15
       Distracted        |       |       |     1 |       |       |       |       ||     1
Armor: Robe              |    10 |    10 |    32 |     6 |       |       |       ||    58
       Skin              |       |     1 |       |     3 |       |    79 |    29 ||   112
       Animal skin       |       |       |       |    14 |       |       |       ||    14
       Troll leather arm |       |       |       |    41 |    94 |   373 |       ||   508
Dodge: Dodged            |    35 |    20 |   138 |   184 |   251 |   741 |    49 ||  1418

Table legend: (Time is in decaauts)
 A = Elapsed time spent in this place.
 B = Non-inter-level travel time spent in this place.
 C = Inter-level travel time spent in this place.
 D = Time resting spent in this place.
 E = Time spent auto-exploring this place.
 F = Levels seen in this place.
 G = Mean time per level.
                   A        B        C        D        E       F      G
               +--------+--------+--------+--------+--------+-----+--------+
         Total |  46164 |  42476 |   3688 |  18362 |  14498 |  28 | 1648.7 |
       Dungeon |  20179 |  19204 |    975 |   7118 |   9365 |  13 | 1552.2 |
        Temple |    526 |    488 |     38 |      0 |    474 |   1 |  526.0 |
          Lair |  10106 |   8795 |   1311 |   3089 |   1877 |   6 | 1684.3 |
         Swamp |   3144 |   3100 |     44 |   1609 |    962 |   3 | 1048.0 |
   Spider Nest |  11347 |  10027 |   1320 |   6156 |   1781 |   4 | 2836.8 |
      Gauntlet |    860 |    860 |      0 |    390 |     38 |   1 |  860.0 |
               +--------+--------+--------+--------+--------+-----+--------+

Top non-repeatable levels by time:
Spider:3: 4283 daAuts
     D:8: 2959 daAuts
Spider:4: 2727 daAuts
Spider:2: 2342 daAuts
  Lair:5: 2260 daAuts
  Lair:6: 2051 daAuts
  Lair:2: 1998 daAuts
Spider:1: 1994 daAuts
    D:11: 1952 daAuts
     D:4: 1881 daAuts
 Swamp:2: 1837 daAuts
    D:13: 1701 daAuts
     D:9: 1607 daAuts
  Lair:1: 1504 daAuts
     D:1: 1427 daAuts
